Map: King's Cove LE

Players

Woah - Winner!

  • Race: Terran Terran
  • Spawn Location: 11:00

KnufflPuffl

  • Race: Protoss Protoss
  • League: Platinum
  • Spawn Location: 5:00

VOD

Have the link to the VOD?

Description

Time

  • Played on: June 14, 2019, 12:43 p.m.
  • Length: 9:58
Show
View Real Time Build Order
Export as new Build Order

Woah Terran - Winner!

Build Orders:  

Get SALT Encoding   

  12  0:01  SCV  
  13  0:13  SCV  
  14  0:20  Supply Depot  
  14  0:25  SCV  
  15  0:29  Refinery  
  15  0:41  SCV  
  16  0:46  Barracks  
  16  0:53  SCV  
  17  1:05  SCV  
  18  1:17  SCV  
  19  1:33  Orbital Command  
  19  1:36  Factory, Marine  
  20  2:04  Command Center  
  20  2:06  SCV  
  21  2:15  Barracks Reactor  
  21  2:20  Supply Depot  
  21  2:24  SCV  
  22  2:39  SCV  
  23  2:46  Starport  
  23  2:47  Refinery  
  23  2:59  Hellion x2  
  27  3:06  Barracks Tech Lab  
  27  3:12  SCV  
  28  3:15  Orbital Command  
  28  3:22  Hellion  
  28  3:24  SCV, Hellion  
  33  3:36  SCV  
  33  3:43  Raven  
  33  3:47  Barracks  
  33  3:48  SCV  
  36  3:50  Barracks Tech Lab  
  36  3:59  Barracks  
  36  4:03  SCV  
  36  4:06  SCV  
  30  4:53  SCV x2  
  30  4:54  Marine x2  
  30  4:55  Stimpack  
  30  4:56  Barracks Reactor  
  34  5:05  SCV x2  
  36  5:09  Marauder, Starport Reactor  
  36  5:12  Bunker  
  38  5:16  Command Center  
  38  5:17  SCV  
  38  5:18  SCV  
  40  5:29  SCV, Refinery, Marine  
  40  5:30  SCV, Marauder, Refinery  
  45  5:37  Marine  
  46  5:50  Supply Depot  
  46  5:57  Supply Depot  
  46  6:01  Engineering Bay  
  46  6:02  Engineering Bay  
  46  6:05  Supply Depot  
  46  6:11  Marine  
  46  6:12  SCV x2, Marauder, Marine x3  
  46  6:18  Bunker, Siege Tank  
  53  6:24  SCV  
  57  6:29  Marine  
  57  6:30  Marine  
  59  6:34  Marauder  
  61  6:40  Terran Infantry Weapons Level 1, Terran Infantry Armor Level 1  
  61  6:42  Command Center  
  61  6:47  Supply Depot  
  61  6:49  Supply Depot  
  61  6:50  Medivac x2  
  61  6:51  Marine x2  
  61  6:52  Marine x2  
  69  6:58  SCV  
  69  7:00  Barracks x2  
  70  7:03  Missile Turret  
  70  7:08  Armory  
  70  7:10  Missile Turret, Bunker  
  70  7:16  Siege Tank  
  70  7:19  Combat Shield  
  73  7:27  SCV, Marine  
  73  7:28  Marine x2  
  77  7:30  Marine  
  77  7:33  SCV  
  79  7:53  Marine  
  79  7:54  Marine x3  
  79  7:55  Barracks Tech Lab  
  79  7:57  Barracks Reactor  
  83  8:03  Medivac x2  
  83  8:04  Marauder  
  89  8:08  SCV  
  89  8:10  SCV  
  89  8:11  Marine x2  
  89  8:12  Marine x2  
  95  8:21  Marauder  
  95  8:25  Marine  
  98  8:29  Marine x2  
  98  8:30  Marine  
  101  9:03  Marine  
  101  9:04  Marine  
  101  9:07  Marine  
  101  9:12  Orbital Command  
  101  9:28  Ghost Academy  
  101  9:33  Barracks, Supply Depot x2  
  101  9:35  Supply Depot  
  101  9:37  Barracks  
  101  9:43  SCV  
  101  9:44  SCV  
Show
View Real Time Build Order
Export as new Build Order

KnufflPuffl Protoss 

Build Orders: Colossus Rush 

Get SALT Encoding   

  12  0:01  Probe  
  13  0:13  Probe  
  14  0:18  Pylon  
  14  0:24  Probe  
  15  0:32  Probe  
  15  0:40  Probe  
  15  0:42  Gateway  
  16  0:49  Assimilator  
  17  0:51  Probe  
  18  1:00  Probe  
  19  1:05  Pylon  
  19  1:09  Probe  
  19  1:17  Probe  
  21  1:30  Cybernetics Core, Probe  
  22  1:42  Probe  
  23  1:54  Probe  
  24  2:04  Nexus  
  24  2:05  Assimilator  
  24  2:10  Robotics Facility  
  24  2:13  Warp Gate, Probe  
  24  2:21  Probe  
  26  2:30  Probe  
  27  2:40  Pylon  
  27  2:44  Probe  
  27  2:49  Gateway  
  28  2:55  Gateway  
  28  3:00  Stalker  
  29  3:16  Robotics Bay  
  29  3:17  Probe  
  29  3:25  Probe  
  30  3:31  Probe  
  32  3:34  Gateway  
  32  3:41  Gateway  
  32  3:47  Probe  
  33  3:58  Observer  
  33  3:59  Probe  
  35  4:04  Assimilator  
  35  4:06  Assimilator  
  35  4:10  Pylon  
  35  4:11  Probe  
  36  4:19  Colossus  
  36  4:21  Stalker  
  36  4:23  Probe  
  39  4:31  Stalker  
  39  4:35  Probe  
  36  4:53  Probe  
  36  4:56  Probe  
  38  5:01  Probe  
  39  5:08  Probe  
  39  5:11  Probe  
  39  5:12  Sentry  
  39  5:13  Sentry  
  45  5:29  Probe  
  45  5:30  Stalker x2  
  50  5:35  Probe  
  50  5:37  Probe  
  52  5:43  Probe  
  52  5:47  Probe  
  54  5:51  Probe  
  55  6:21  Stalker  
  55  6:22  Stalker x2  
  55  6:23  Probe  
  62  6:37  Probe  
  62  6:41  Extended Thermal Lance  
  62  6:42  Gateway  
  62  6:46  Pylon x2  
  62  6:47  Pylon  
  62  6:49  Pylon  
  62  7:03  Colossus  
  62  7:04  Probe  
  69  7:12  Stalker x4  
  77  7:16  Probe  
  78  7:24  Pylon  
  78  7:26  Probe  
  79  7:34  Probe  
  79  7:38  Stalker x2  
  79  7:43  Probe  
  84  7:49  Warp Prism  
  87  8:01  Nexus  
  87  8:06  Pylon  
  87  8:08  Assimilator  
  87  8:23  Colossus  
  87  8:24  Zealot  
  87  8:25  Zealot x4  
  103  8:45  Stalker  
  103  8:46  Stalker x2  
  109  9:17  Nexus  
  109  9:32  Pylon  
  109  9:33  Pylon  
  109  9:35  Pylon  
  109  9:38  Assimilator  
Tags
 
League
Platinum
Matchup
PvT
Replay Pack
r1
Spawn Locations
Cross Positions
Add a new tag
Caveats
  • Supply blocks, unpowered buildings, or Contaminate may cause inaccurate times.
  • Supply counts are checked every 10 seconds.